 Dungeon Crawl Stone Soup version 0.24-a0-536-gdd4cf15266 (webtiles) character file.

Game seed: 11445536046690490602

170 Drevant2 the Digger (level 5, -23/38 HPs)
             Began as a Draconian Earth Elementalist on Aug 11, 2019.
             Was an Initiate of Gozag.
             Killed from afar by an orc (44 damage)
             ... with an exploding inner flame
             ... hexed by the player character
             ... on level 4 of the Dungeon.
             The game lasted 00:08:12 (2995 turns).

Drevant2 the Digger (Draconian Earth Elementalist)  Turns: 2995, Time: 00:08:14

Health: -23/38     AC:  9    Str: 11    XL:     5   Next: 26%
Magic:  8/8        EV: 12    Int: 15    God:    Gozag
Gold:   56         SH:  0    Dex: 12    Spells: 4/8 levels left

rFire    . . .     SeeInvis .   l - +2 dagger (venom)
rCold    . . .     Gourm    .   (no shield)
rNeg     . . .     Faith    .   (armour unavailable)
rPois    +         Spirit   .   (helmet restricted)
rElec    .         Reflect  .   q - +0 cloak {rPois}
rCorr    .         Harm     .   e - +0 pair of gloves
MR       .....                  (no boots)
Stlth    ++........             (no amulet)
HPRegen  0.12/turn              j - +2 ring of protection
MPRegen  0.11/turn              (no ring)

@: no status effects
A: unfitting armour, cold-blooded, AC +5
a: Potion Petition, Call Merchant, Bribe Branch, Renounce Religion


You were on level 4 of the Dungeon.
You worshipped Gozag.
Gozag was noncommittal.
You were not hungry.

You visited 1 branch of the dungeon, and saw 4 of its levels.

You collected 79 gold pieces.
You paid 23 gold pieces to Gozag.

Inventory:

Hand Weapons
 k - a +0 dagger
 l - a +2 dagger of venom (weapon)
 p - a +3 quarterstaff of chaos
Missiles
 b - 25 stones (quivered)
Armour
 e - a +0 pair of gloves (worn)
 q - a +0 cloak of poison resistance (worn)
Jewellery
 j - a +2 ring of protection (left hand)
Scrolls
 g - 2 scrolls of identify {unknown}
 h - a scroll of fog {unknown}
 m - 2 scrolls of immolation
Potions
 a - a potion of berserk rage {unknown}
 d - 2 potions of heal wounds {unknown}
 f - 2 potions of curing
 i - a potion of flight {unknown}
 n - 2 potions of haste {unknown}
 o - a potion of degeneration {unknown}
 r - 2 potions of lignification {unknown}
Comestibles
 c - 3 rations


   Skills:
 - Level 1.8 Dodging
 - Level 1.8 Stealth
 - Level 2.1 Spellcasting
 * Level 2.2 Conjurations
   Level 1.0 Transmutations
 - Level 5.3 Earth Magic


You had 4 spell levels left.
You knew the following spells:

 Your Spells              Type           Power        Failure   Level  Hunger
a - Sandblast             Erth           ###...       2%          1    #......
b - Stone Arrow           Conj/Erth      ##....       14%         3    ###....

Your spell library contained the following spells:

 Spells                   Type           Power        Failure   Level  Hunger
 Passwall                 Tmut/Erth      ##......     9%          2    ###....
 Petrify                  Tmut/Erth      ##......     52%         4    #####..
 Lee's Rapid Deconstruct  Erth           ###.......   56%         5    ######.


Dungeon Overview and Level Annotations

Branches:
Dungeon (4/15)
 Temple: D:4-7

Altars:
Gozag
Makhleb
The Shining One


Innate Abilities, Weirdness & Mutations

Your plain brown scales are hard. (AC +5)
You cannot fit into any form of body armour.
You are cold-blooded and may be slowed by cold attacks.


Message History

2 orcs and an orc wizard come into view.
The orc shouts!
You hear an angry hiss.
You hear a shout!
Found 19 gold pieces.
An orc comes into view. It is wielding a -1 flail.
Found a stone staircase leading down.
It was a potion of curing.
You feel better.
Okay, then.
Okay, then.
As you read the scroll labeled KEBEKH ECOMM, it crumbles to dust.
The creatures around you are filled with an inner flame!
It was a scroll of immolation.
You hit the orc but do no damage.
The orc is poisoned.
The orc hits you but does no damage.
You hit the orc.
The orc looks as sick as possible!
The orc is almost dead.
The orc explodes!
The fiery explosion engulfs you!!!
Ouch! That really hurt!
You die...
Your body crumbles into a pile of gold.

###.#......#
##...#.##...#
o..........###
...>##.......##
.. ##........##
#.....##...#
#.....##..##
#.......§§##
##....##§§@#
##....#§§§#
##.. ##### ###


There were no monsters in sight!

Vanquished Creatures
  Crazy Yiuf (D:2)
  An orc wizard (D:2)
  Jessica (D:2)
  2 adders (D:3)
  2 worms (D:2)
  A dart slug (D:1)
  2 leopard geckos
  3 orcs
  5 giant cockroaches
  5 goblins
  5 hobgoblins
  3 jackals
  A quokka (D:3)
  6 bats
  A frilled lizard (D:2)
  8 kobolds
  8 rats
55 creatures vanquished.

Notes
Turn   | Place    | Note
-------+----------+-------------------------------------------
     0 | D:1      | Drevant2 the Draconian Earth Elementalist began the quest
                  | for the Orb.
     0 | D:1      | Reached XP level 1. HP: 14/14 MP: 3/3
   395 | D:1      | Reached XP level 2. HP: 20/20 MP: 3/5
  1041 | D:1      | Reached skill level 4 in Earth Magic
  1278 | D:2      | Reached XP level 3. HP: 24/26 MP: 4/6
  1566 | D:2      | Noticed Jessica
  1573 | D:2      | Killed Jessica
  1596 | D:2      | Reached XP level 4. HP: 29/33 MP: 7/7
  1737 | D:2      | Found a glowing golden altar of the Shining One.
  1739 | D:2      | Found a burning altar of Makhleb.
  1774 | D:2      | Reached skill level 5 in Earth Magic
  1930 | D:2      | Learned a level 3 spell: Stone Arrow
  2205 | D:2      | Found a runed translucent door.
  2206 | D:2      | Noticed Crazy Yiuf
  2475 | D:2      | Killed Crazy Yiuf
  2475 | D:2      | Reached skill level 1 in Conjurations
  2475 | D:2      | Reached XP level 5. HP: 18/38 MP: 8/8
  2882 | D:3      | Found an opulent altar of Gozag.
  2899 | D:3      | Became a worshipper of Gozag Ym Sagoz the Greedy
  2995 | D:4      | Killed from afar by an orc

Levels and vault maps discovered:
D:1:      wheals_arrival_linesprint, layout_loops_ring, serial_aquarium,
          aquarium_bridge_long_joined [aquarium_subvault_wall,
          aquarium_subvault_bridge, aquarium_subvault_window,
          aquarium_subvault_wall, aquarium_subvault_wall,
          aquarium_subvault_bridge], aquarium_window_corner,
          aquarium_window_fake, aquarium_view_4, aquarium_view_2e,
          aquarium_balcony_5a
D:2:      layout_loops_ring, chequers_temple_overflow_statue_of_worship,
          uniq_jessica, uniq_crazy_yiuf_cottage
D:3:      layout_basic, overflow_temple_1_default,
          chequers_ecumenical_altar_grove
D:4:      layout_cave_pools, first_ration, evilmike_ruin_ashenzari, uniq_robin,
          uniq_menkaure

Skill      XL: |  1  2  3  4  5 |
---------------+----------------+-----
Earth Magic    | 4 5 |  5.3
Conjurations   | 1 2 |  2.2
Dodging        | |  1.8
Stealth        | |  1.8
Spellcasting   | |  2.1
Transmutations | |  1.0

Action                   |  1- 3 |  4- 6 || total
-------------------------+-------+-------++-------
Melee: Unarmed           |    16 |       ||    16
       Dagger            |    51 |    87 ||   138
       Tailslap          |     5 |     5 ||    10
 Cast: Sandblast         |    32 |       ||    32
  Use: Scroll            |       |     1 ||     1
       Potion            |       |     1 ||     1
 Stab: Sleeping          |     1 |     1 ||     2
  Eat: Chunk             |     2 |     2 ||     4
       Ration            |       |     1 ||     1
Armor: Skin              |    25 |    23 ||    48
Dodge: Dodged            |    51 |    60 ||   111

Table legend:
 A = Non-vault XP
 B = Vault XP
 C = Vault XP percentage of total XP
 D = Non-vault monster count
 E = Vault monster count
 F = Vault count percentage of total count
                 A         B        C        D         E       F
            +---------+---------+-------+---------+---------+-------
      Total |     165 |      79 |  32.4 |      53 |       2 |   3.6
            +---------+---------+-------+---------+---------+-------
        D:1 |      38 |       0 |   0.0 |      21 |       0 |   0.0
        D:2 |      89 |      79 |  47.0 |      24 |       2 |   7.7
        D:3 |      38 |       0 |   0.0 |       8 |       0 |   0.0
            +---------+---------+-------+---------+---------+-------
